 Dungeon Crawl Stone Soup version 0.28-a0-1038-g9c4cb8273d (webtiles) character file.

Game seed: 16718460973300933095

63 Zdeegee the Conjurer (level 3, 0/26 HPs)
             Began as a Draconian Conjurer on Dec 8, 2021.
             Succumbed to an adder's poison
             ... on level 2 of the Dungeon.
             The game lasted 00:02:18 (1349 turns).

Zdeegee the Conjurer (Draconian Conjurer)           Turns: 1349, Time: 00:02:19

Health: 0/26       AC:  5    Str:  9    XL:     3   Next: 87%
Magic:  1/6        EV: 12    Int: 20    God:
Gold:   28         SH:  0    Dex:  9    Spells: 0/6 levels left

rFire   . . .      SeeInvis .   e - +0 dagger
rCold   . . .      Faith    .   (no shield)
rNeg    . . .      Spirit   .   (armour unavailable)
rPois   .          Reflect  .   (helmet restricted)
rElec   .          Harm     .   (no cloak)
rCorr   .          Rampage  .   (no gloves)
Will    .....                   (no boots)
Stlth   ++........              (no amulet)
HPRegen 0.08/turn               (no ring)
MPRegen 0.10/turn               (no ring)

@: lethally poisoned (0 -> -2), flying, invisible
A: AC +5, unfitting armour, cold-blooded
a: no special abilities


You were on level 2 of the Dungeon.
You visited 1 branch of the dungeon, and saw 2 of its levels.

You collected 28 gold pieces.

Inventory:

Hand Weapons
 e - a +0 dagger (weapon)
Scrolls
 b - a scroll of vulnerability
 f - 3 scrolls of fear
 g - a scroll of teleportation {unknown}
 h - a scroll of enchant weapon {unknown}
 i - a scroll of blinking {unknown}


   Skills:
 * Level 2.3 Dodging
 + Level 2.1 Stealth
 * Level 2.3 Spellcasting
 * Level 4.8 Conjurations
 * Level 0.1 Air Magic


You couldn't memorise any spells.
You knew the following spells:

 Your Spells              Type           Power      Damage    Failure   Level
a - Magic Dart            Conj           84%        1d7       1%          1
b - Searing Ray           Conj           42%        2d6       3%          2
c - Dazzling Flash        Conj/Hex       24%        N/A       17%         3

Your spell library contained the following spells:

 Spells                   Type           Power      Damage    Failure   Level
 Fulminant Prism          Conj/Hex       6%         3d7       50%         4
 Iskenderun's Mystic Bla  Conj/Tloc      12%        2d5       50%         4


Dungeon Overview and Level Annotations

Branches:
Dungeon (2/15)

Altars:


Innate Abilities, Weirdness & Mutations

Your plain brown scales are hard. (AC +5)
You cannot fit into any form of body armour.
You are cold-blooded and may be slowed by cold attacks.


Message History

You closely miss the adder.
The adder is almost dead.
You feel sick. The adder bites you but does no damage.
You barely miss the adder.
Your tail-slap misses the adder.
The adder is almost dead.
You feel sick. The adder barely misses you. The adder completely misses you.
You miss the adder.
The adder is severely wounded.
You feel sick. The adder bites you but does no damage.
You closely miss the adder.
The adder is severely wounded.
You feel sick. The adder bites you.
* * * LOW HITPOINT WARNING * * *
You are lethally poisoned!
The adder poisons you!
You hit the adder. You tail-slap the adder.
You kill the adder!
* * * LOW HITPOINT WARNING * * *
You feel sick.
Found a spear.
* * * LOW HITPOINT WARNING * * *
You feel sick.
You see here an adder corpse.
It was a potion of invisibility.
You fade into invisibility!
* * * LOW HITPOINT WARNING * * *
You feel sick.
It was a potion of flight.
You feel very buoyant.
You fly up into the air.
* * * LOW HITPOINT WARNING * * *
You feel sick.
A goblin comes into view. It is wielding a +0 club.
* * * LOW HITPOINT WARNING * * *
You feel sick.
You are too injured to fight recklessly!
As you read the scroll labelled ETUPOS ZEHEROAK, it crumbles to dust.
It is a scroll of identify.
b - a scroll of vulnerability You die...

####### #..<..#
#.....# #.....#
#.....## #......#
#########
##......###........
#..####....@######
#.## ###.†........
######.#
##.#......g
.......# ..#.......
.......##
.###..)....
........# .#
....... ....†.#.#
.# .......
....###.....
....... ##..###....


You could see a goblin (asleep).

Vanquished Creatures
  5 adders (D:2)
  3 ball pythons
  A bat (D:1)
  An endoplasm (D:1)
  A giant cockroach (D:1)
  A goblin (D:1)
  2 hobgoblins
  A quokka (D:1)
  A frilled lizard (D:2)
  5 rats
21 creatures vanquished.

Notes
Turn   | Place    | Note
-------+----------+-------------------------------------------
     0 | D:1      | Zdeegee the Draconian Conjurer began the quest for the Orb.
     0 | D:1      | Reached XP level 1. HP: 14/14 MP: 3/3
   672 | D:1      | Reached XP level 2. HP: 20/20 MP: 3/5
  1099 | D:2      | Reached XP level 3. HP: 19/26 MP: 0/6
  1106 | D:2      | Learned a level 2 spell: Searing Ray
  1110 | D:2      | Learned a level 3 spell: Dazzling Flash
  1348 | D:2      | HP: 1/26 [poisoned by an adder]
  1349 | D:2      | Succumbed to an adder's poison

Illustrated notes

Levels and vault maps discovered:
D:1:      lemuel_arrival_muddy, layout_loops_ring, minmay_tiny_reverse_x
D:2:      layout_rooms, shapermc_ecumenical_altar_notcrosses

Skill      XL: |  1  2  3 |
---------------+----------+-----
Stealth        | 2 |  2.1
Dodging        | 2 |  2.3
Spellcasting   | |  2.3
Conjurations   | |  4.8
Air Magic      | |  0.1

Action                   || total
-------------------------++-------
Melee: Dagger            ||    31
       Tailslap          ||     3
 Cast: Magic Dart        ||    43
  Use: Scroll            ||     2
       Potion            ||     2
Armor: Skin              ||     8
Dodge: Dodged            ||    27

Table legend: (Time is in decaauts)
 A = Elapsed time spent in this place.
 B = Non-inter-level travel time spent in this place.
 C = Inter-level travel time spent in this place.
 D = Time resting spent in this place.
 E = Time spent auto-exploring this place.
 F = Levels seen in this place.
 G = Mean time per level.
                   A        B        C        D        E       F      G
               +--------+--------+--------+--------+--------+-----+--------+
         Total |   1348 |   1219 |    129 |    135 |    938 |   2 |  674.0 |
       Dungeon |   1348 |   1219 |    129 |    135 |    938 |   2 |  674.0 |
               +--------+--------+--------+--------+--------+-----+--------+

Top non-repeatable levels by time:
     D:1: 988 daAuts
     D:2: 359 daAuts
